 Dungeon Crawl Stone Soup version 0.19.5 (webtiles) character file.

264 tidbits the Slasher (level 5, 4/39 HPs)
             Began as a High Elf Wanderer on Oct 31, 2017.
             Quit the game on level 4 of the Dungeon.
             The game lasted 00:13:51 (1568 turns).

tidbits the Slasher (High Elf Wanderer)             Turns: 1568, Time: 00:13:53

Health: 4/39       AC:  7    Str: 12 (13) XL:     5   Next: 98%
Magic:  10/10      EV:  6    Int: 16 (17) God:
Gold:   74         SH:  7    Dex: 11 (14) Spells: 1 memorised, 7 levels left

rFire  . . .     SeeInvis .     a - +0 long sword
rCold  + . .     Gourm    .     B - +0 scale mail
rNeg   . . .     Faith    .     D - +0 shield
rPois  .         Spirit   .     E - +0 helmet
rElec  .         Reflect  .     (no cloak)
rCorr  +         Harm     .     (no gloves)
MR     .....                    (no boots)
Stlth  ..........               (no amulet)
                                (no ring)
                                K - ring of resist corrosion

@: no status effects
A: clever 1, cold resistance 1
a: no special abilities


You were on level 4 of the Dungeon.
You were hungry.

You visited 1 branch of the dungeon, and saw 4 of its levels.

You collected 74 gold pieces.

Inventory:

Hand Weapons
 a - a +0 long sword (weapon)
   (You found it on level 4 of the Dungeon)
 d - a +0 dagger
 l - a +1 short sword of protection
   (You took it off a kobold on level 2 of the Dungeon)
 s - a +0 hunting sling
   (You found it on level 2 of the Dungeon)
 v - a +2 falchion
Missiles
 h - a javelin (quivered)
 m - 3 sling bullets
 n - 26 bolts
 o - 43 stones
Armour
 x - a +1 leather armour of magic resistance
   (You took it off an orc on level 4 of the Dungeon)
 z - a +0 robe
 B - a +0 scale mail (worn)
   (You found it on level 3 of the Dungeon)
 D - a +0 shield (worn)
   (You found it on level 4 of the Dungeon)
 E - a +0 helmet (worn)
   (You found it on level 2 of the Dungeon)
Jewellery
 K - a ring of resist corrosion (left hand)
   (You found it on level 1 of the Dungeon)
Scrolls
 e - a scroll of random uselessness {unknown}
 f - 2 scrolls of noise {unknown}
 k - a scroll of enchant weapon {unknown}
 p - 3 scrolls of recharging
 r - a scroll of remove curse
 y - a scroll of teleportation {unknown}
Potions
 g - 3 potions of agility
 i - 5 potions of flight
 q - a potion of brilliance
Books
 t - a book of Minor Magic
   (You found it on level 2 of the Dungeon)

   Spells                             Type                      Level
   a - Magic Dart                     Conjuration                  1
   b - Blink                          Translocation                2
   c - Call Imp                       Summoning                    2
   d - Repel Missiles                 Charms/Air                   2
   e - Slow                           Hexes                        2
   f - Conjure Flame                  Conjuration/Fire             3
   g - Mephitic Cloud                 Conjuration/Poison/Air       3
Comestibles
 b - 3 meat rations
 c - 2 bread rations
 u - a beef jerky
 A - 2 chunks of flesh


   Skills:
 - Level 5.0 Fighting
 + Level 5.5 Long Blades
 - Level 1.0 Throwing
 + Level 1.4 Dodging
 - Level 2.1 Stealth
 + Level 1.7 Shields
 - Level 2.9 Spellcasting


You had 7 spell levels left.
You knew the following spells:

 Your Spells              Type           Power        Failure   Level  Hunger
m - Repel Missiles        Chrm/Air       #.....       100%        2    ##.....


Dungeon Overview and Level Annotations

Branches:
Dungeon (4/15)
 Temple: D:4-7

Altars:
Elyvilon
Hepliaklqana

Annotations:
D:1 exclusion: downstairs


Innate Abilities, Weirdness & Mutations

Your mind is acute. (Int +2)
Your flesh is cold resistant. (rC+)


Message History

You hit the adder.
You kill the adder!
The ball python barely misses you. The ball python grabs you.
The ball python constricts you.
You closely miss the ball python. You block the ball python's attack.
The ball python constricts you.
You escape the ball python's grasp.
You see here 12 poisoned needles.
You hit the ball python but do no damage.
The ball python bites you but does no damage.
The ball python grabs you. The ball python constricts you.
You block the ball python's attack. The ball python constricts you.
You escape the ball python's grasp.
Throwing (i - inventory. (,) - cycle):
h - 5 javelins (quivered)
Press: ? - help, Shift-Dir - straight line, f - jackal
Aim: a jackal You throw a javelin.
The javelin hits the ball python!
You kill the ball python!
The jackal bites you but does no damage.
The jackal bites you but does no damage.
The jackal bites you but does no damage.
You closely miss the jackal.
The jackal bites you but does no damage.
Your shield and scale mail prevent you from hitting the jackal.
The jackal barely misses you.
The jackal bites you but does no damage.
Throwing (i - inventory. (,) - cycle):
h - 4 javelins (quivered)
Press: ? - help, Shift-Dir - straight line, f - jackal, p - jackal
Aim: a jackal You throw a javelin.
The javelin closely misses the jackal. x2
The jackal barely misses you.
The jackal bites you but does no damage.
You block the orc's attack.
The jackal bites you but does no damage.
Throwing (i - inventory. (,) - cycle):
h - 3 javelins (quivered)
Press: ? - help, Shift-Dir - straight line, f - orc priest, p - jackal
Aim: an orc priest You throw a javelin.
The javelin hits the jackal!
You kill the jackal!
The orc priest looks braver for a moment.
The orc completely misses you. The jackal bites you.
Throwing (i - inventory. (,) - cycle):
h - 2 javelins (quivered)
Press: ? - help, Shift-Dir - straight line, f/p - orc priest
Aim: an orc priest You throw a javelin.
The javelin hits the jackal!
You kill the jackal!
The orc barely misses you.
The orc priest invokes the aid of Beogh against you.
Beogh smites you!
* * * LOW HITPOINT WARNING * * *
You feel much better. You block the orc's attack.
Your shield and scale mail prevent you from hitting the orc priest.
The orc priest hits you. The orc closely misses you.
You slash the orc priest!
The orc priest is heavily wounded.
The orc priest hits you. The orc hits you but does no damage.
The orc priest hits you.
Your shield and scale mail prevent you from hitting the orc priest.
The orc priest is heavily wounded.
The orc priest shouts!
The orc hits you but does no damage.
The orc priest mumbles some strange prayers to Beogh against you.
Pain shoots through your body! The orc priest completely misses you.
You hit the orc priest.
The orc priest is severely wounded.
The orc barely misses you.
The orc priest calls down the wrath of Beogh upon you.
Beogh smites you!
* * * LOW HITPOINT WARNING * * *
The orc priest hits you.
* * * LOW HITPOINT WARNING * * *
You feel much better. The orc hits you with a mace.
The orc priest barely misses you.
You hit the orc priest but do no damage.
The orc priest is severely wounded.
The orc priest hits you. You block the orc's attack.
You hit the orc priest.
The orc priest is almost dead.
The orc priest hits you but does no damage.
The orc hits you with a mace. The orc priest hits you with a flail!
* * * LOW HITPOINT WARNING * * *
You block the orc priest's attack.
You hit the orc priest.
You kill the orc priest!
The orc hits you with a mace.
* * * LOW HITPOINT WARNING * * *
The orc priest invokes the aid of Beogh against you.
Beogh smites you!
* * * LOW HITPOINT WARNING * * *
It was a potion of degeneration.
There was something very wrong with that liquid.
You feel weakened.
You feel dopey.
You feel clumsy. The orc hits you but does no damage.
The orc priest hits you but does no damage.
Wield which item (- for none, * to show all)? (? for menu, Esc to quit)
Okay, then.
Unknown command.
Okay, then.
Okay, then.
Are you sure you want to abandon this character and quit the game? (Confirm with "yes".)

#.............##.# ..#....#
..............##(# .......
..............#(.###......#
...........................
..............#.####......#
..........#....oho.(.....#
##.#####..#...#####..##...
.......##.......##(..#
....... #......o@(...#
###########......o...#
#..........###.
##..............
#....####......# #.#...#
##.....# ##..### ###...
#.#.# .## #.#..#


You could see an orc priest and an orc.

Vanquished Creatures
  2 orc priests
  2 orc wizards (D:3)
  Ijyb (D:2)
  7 adders
  3 dart slugs
  A leopard gecko (D:1)
  4 orcs
  A ball python (D:4)
  5 giant cockroaches
  6 goblins
  3 hobgoblins
  6 jackals
  5 kobolds
  A quokka (D:4)
  A bat (D:1)
  2 frilled lizards
  A quokka zombie (D:3)
  6 rats
57 creatures vanquished.

Notes
Turn   | Place    | Note
-------+----------+-------------------------------------------
     0 | D:1      | tidbits the High Elf Wanderer began the quest for the Orb.
     0 | D:1      | tidbits set off with: a +2 falchion, a potion of curing, a potion of lignification, a +0 robe, a +0 dagger, a bread ration
     0 | D:1      | Reached XP level 1. HP: 18/18 MP: 2/2
    51 | D:1      | Reached skill level 2 in Long Blades
    89 | D:1      | Reached XP level 2. HP: 12/24 MP: 3/3
    92 | D:2      | Noticed Ijyb
   119 | D:1      | HP: 2/24 [adder (2)]
   125 | D:1      | Reached skill level 3 in Long Blades
   132 | D:1      | HP: 2/24 [poisoned by an adder]
   365 | D:1      | Reached XP level 3. HP: 17/29 MP: 4/4
   527 | D:2      | Reached skill level 4 in Long Blades
   537 | D:2      | Found a white marble altar of Elyvilon.
   537 | D:2      | Found a hazy altar of Hepliaklqana.
   737 | D:2      | Killed Ijyb
   737 | D:2      | Reached skill level 5 in Long Blades
   737 | D:2      | Reached XP level 4. HP: 31/35 MP: 5/5
   834 | D:3      | Learned a level 2 spell: Repel Missiles
   986 | D:3      | Reached skill level 1 in Spellcasting
   989 | D:3      | Reached skill level 2 in Spellcasting
   989 | D:3      | Reached XP level 5. HP: 38/39 MP: 5/9
  1318 | D:3      | Reached skill level 1 in Shields
  1417 | D:4      | Gained mutation: Your mind is acute. (Int +2) [potion of beneficial mutation]
  1420 | D:4      | Gained mutation: Your flesh is cold resistant. (rC+) [potion of beneficial mutation]
  1568 | D:4      | Quit the game

Skill      XL: |  1  2  3  4  5 |
---------------+----------------+-----
Long Blades    | 2 3 5 |  5.5
Spellcasting   | 2 |  2.9
Shields        | 1 |  1.7
Fighting       | |  5.0
Throwing       | |  1.0
Dodging        | |  1.4
Stealth        | |  2.1

Action                   |  1- 3 |  4- 6 || total
-------------------------+-------+-------++-------
Melee: Falchion          |    48 |       ||    48
       Short sword       |     9 |    21 ||    30
       Unarmed           |       |    11 ||    11
       Long sword        |       |    74 ||    74
 Fire: Hunting sling     |       |     3 ||     3
Throw: Javelin           |    25 |    12 ||    37
 Cast: Repel Missiles    |       |     1 ||     1
  Use: Potion            |     1 |     6 ||     7
       Scroll            |     3 |     4 ||     7
 Stab: Sleeping          |     1 |     1 ||     2
  Eat: Chunk             |       |     2 ||     2
Armor: Robe              |     8 |     6 ||    14
       Skin              |       |     8 ||     8
       Scale mail        |       |    39 ||    39
Dodge: Dodged            |    36 |    48 ||    84
       Deflected         |       |     1 ||     1
Block: Shield            |       |    29 ||    29
       Rpst.: Falchion   |    14 |       ||    14
       Long sword        |       |    10 ||    10

Table legend:
 A = Turns spent in this place as a percentage of turns spent in the entire game.
 B = Non-inter-level travel turns spent in this place as a percentage of non-inter-level travel turns spent in the entire game.
 C = Inter-level travel turns spent in this place as a percentage of turns spent in this place.
 D = Turns resting spent in this place as a percentage of non-inter-level travel turns spent in this place.
 E = Turns spent auto-exploring this place as a percentage of non-inter-level travel turns spent in this place.
 F = Non-inter-level travel turns spent in this place divided by the number of levels of this place that you've seen.
                   A       B       C       D       E      F
               +-------+-------+-------+-------+-------+----------------------
         Total | 100.0 | 100.0 |   0.1 |   0.0 |   0.0 | 382.0
       Dungeon | 100.0 | 100.0 |   0.1 |   0.0 |   0.0 | 382.0
               +-------+-------+-------+-------+-------+----------------------

Table legend:
 A = Kills in this place as a percentage of kills in entire the game.
 B = Kills by you in this place as a percentage of kills by you in the entire game.
 C = Kills by friends in this place as a percentage of kills by friends in the entire game.
 D = Other kills in this place as a percentage of other kills in the entire game.
 E = Experience gained in this place as a percentage of experience gained in the entire game.
 F = Experience gained in this place divided by the number of levels of this place that you have seen.
                   A       B       C       D       E      F
               +-------+-------+-------+-------+-------+----------------------
         Total | 100.0 | 100.0 |  -nan |  -nan | 100.0 |  94.5
       Dungeon | 100.0 | 100.0 |  -nan |  -nan | 100.0 |  94.5
               +-------+-------+-------+-------+-------+----------------------

Vault maps used:
D:1:      scummos_arrival_hexagon
D:2:      gammafunk_temple_overflow_pools, fedhas_altar_4, first_bread,
          uniq_iyjb
D:4:      nicolae_overflow_hidden_temple, st_stairs_1, roderic_roman_lattice
